 Dungeon Crawl Stone Soup version 0.30-a0-591-g3c58d2bc28 (webtiles) character file.

Game seed: 11719535901246716745

830 Zonian the Sneak (level 7, -1/32 HPs)
             Began as a Vine Stalker Wanderer on Jan 5, 2023.
             Was a Believer of Uskayaw.
             Slain by a wraith (5 damage)
             ... on level 5 of the Dungeon.
             The game lasted 00:10:04 (3720 turns).

Zonian the Sneak (Vine Stalker Wanderer)            Turns: 3720, Time: 00:10:04

Health: -1/32      AC:  6    Str: 14    XL:     7   Next: 97%
Magic:  0/14       EV: 13    Int: 14    God:    Uskayaw [**....]
Gold:   252        SH:  0    Dex: 14    Spells: 13/14 levels left

rFire   x . .      SeeInvis .    B - +2 dagger (venom)
rCold   + . .      Faith    .    (no shield)
rNeg    . . .      Spirit   +    z - +2 robe
rPois   .          Reflect  .    (no helmet)
rElec   .          Harm     .    (no cloak)
rCorr   .          Rampage  .    b - +1 pair of gloves
Will    .....                    (no boots)
Stlth   +++                      (no amulet)
HPRegen 1.05/turn                i - ring of ice
MPRegen 0.14/turn                (no ring)

@: hasted and slowed
A: fangs 2, regeneration 1, magic shield, antimagic bite, no potion heal 2
a: Renounce Religion, Stomp, Line Pass


You were on level 5 of the Dungeon.
You worshipped Uskayaw.
Uskayaw was noncommittal.
You visited 2 branches of the dungeon, and saw 6 of its levels.

You collected 252 gold pieces.

Inventory:

Hand Weapons
 a - a +0 club
 l - a +3 trident of venom
 o - a +0 dagger
 q - a +0 short sword
 r - a +0 sling
 B - a +2 dagger of venom (weapon)
Missiles
 m - 7 poisoned darts
Armour
 b - a +1 pair of gloves (worn)
 d - a +0 robe
 k - a +0 helmet
 w - a +0 cloak
 z - a +2 robe (worn)
Jewellery
 i - a ring of ice (left hand)
 p - an amulet of regeneration
 y - a ring of protection from cold
Wands
 e - a wand of mindburst (2) (quivered)
Scrolls
 c - a scroll of silence
 f - 3 scrolls of enchant armour
 j - 2 scrolls of amnesia
Potions
 g - a potion of mutation
 n - a potion of might {unknown}
 s - 4 potions of haste
 t - a potion of berserk rage {unknown}
 u - a potion of degeneration {unknown}
 v - a potion of attraction {unknown}
 x - 2 potions of invisibility
 A - a potion of flight {unknown}
 C - a potion of heal wounds


   Skills:
 + Level 2.6 Short Blades
 - Level 3.8 Dodging
 - Level 5.5 Stealth
 - Level 4.4 Spellcasting
 + Level 3.2 Transmutations
 + Level 3.2 Poison Magic
 - Level 3.6 Evocations


You had 13 spell levels left.
You knew the following spells:

 Your Spells              Type           Power      Damage    Failure   Level
a - Sting                 Tmut/Pois      48%        1d5       4%          1

Your spell library contained the following spells:

 Spells                   Type           Power      Damage    Failure   Level
 Poisonous Vapours        Pois/Air       14%        N/A       14%         2
 Summon Small Mammal      Summ           12%        N/A       19%         1
 Ensorcelled Hibernation  Hex/Ice        8%         N/A       28%         2
 Olgreb's Toxic Radiance  Pois           12%        N/A       43%         4
 Call Canine Familiar     Summ           3%         N/A       50%         3
 Summon Guardian Golem    Hex/Summ       3%         N/A       50%         3
 Animate Dead             Necr           3%         N/A       88%         4
 Cause Fear               Hex            1%         N/A       88%         4
 Passage of Golubria      Tloc           3%         N/A       88%         4
 Silence                  Hex/Air        1%         N/A       99%         5
 Haunt                    Necr/Summ      1%         N/A       100%        7
 Infestation              Necr           1%         N/A       100%        8
 Lehudib's Crystal Spear  Conj/Erth      1%         10d2      100%        8


Dungeon Overview and Level Annotations

Branches:
Dungeon (5/15)             Temple (1/1) D:4

Altars:
Ashenzari
Cheibriados
Dithmenos
Elyvilon
Fedhas
Gozag
Hepliaklqana
Makhleb
Nemelex Xobeh
Ru
Sif Muna
Uskayaw
Yredelemnul
Zin


Innate Abilities, Weirdness & Mutations

You have extremely sharp teeth.
Your natural rate of healing is unusually fast.
When hurt, damage is shared between your health and your magic reserves.
Your bite disrupts and absorbs the magic of your enemies.
Potions cannot restore your health.


Message History

* * * LOW HITPOINT WARNING * * *
The wraith drains your vigour!
You feel as though you will be slow longer.
You barely miss the wraith. You bite the wraith, but do no damage.
The wraith is moderately damaged.
You closely miss the wraith. You bite the wraith, but do no damage.
The wraith is moderately damaged.
The wraith misses you.
You closely miss the wraith. You bite the wraith. You drain its power.
You feel invigorated.
The wraith is moderately damaged.
The wraith hits you but does no damage.
You can now pass through a line of other dancers.
You hit the wraith but do no damage. Your bite misses the wraith.
The wraith is moderately damaged.
The wraith misses you.
You closely miss the wraith. Your bite misses the wraith.
The wraith is moderately damaged.
The wraith hits you!
* * * LOW HITPOINT WARNING * * *
The wraith drains your vigour!
You feel as though you will be slow longer.
You barely miss the wraith.
The wraith is moderately damaged.
The wraith hits you!
* * * LOW HITPOINT WARNING * * *
The wraith drains your vigour!
You feel as though you will be slow longer.
Okay, then.
Okay, then.
Press: ? - help, v - describe, . - travel
Here: a wraith (moderately damaged)
The floor.
Okay, then.
Okay, then.
Aiming: Mindburst
Press: ? - help, Shift-Dir - straight line, f - wraith
Aim: a wraith (moderately damaged, chance to affect: 45%)
The wraith resists with some effort.
The wraith hits you!
You die...

#.# ..§≈§. #.# ._§≈§.
#.# ..§≈§. ######.##
≈≈≈§§. #.. ...# [.§≈.
#.# #..# #
§§..###.####..#
##.#########..........#
.....[.?...W@...#####.#
#...$.######## ##.##
#.....# ###...# ###.#.#
#...#.# #.#.# #.#...#
#.#.# #.##### #.#.# #.#
#...# #.# #..## #.#


You could see a wraith.

Vanquished Creatures
  Sigmund (D:3)
  Menkaure (D:5)
  2 ogres (D:5)
  3 scorpions
  A hound (D:4)
  A jelly (D:5)
  An iguana (D:5)
  Robin (D:3)
  4 adders
  A shadow imp (D:5)
  An ufetubus (D:5)
  2 worms
  9 orcs
  3 bats (D:2)
  6 endoplasms
  2 giant cockroaches (D:2)
  7 goblins
  8 hobgoblins
  2 quokkas
  A ball python (D:3)
  3 kobolds
  5 rats
65 creatures vanquished.

Notes
Turn   | Place    | Note
-------+----------+-------------------------------------------
     0 | D:1      | Zonian the Vine Stalker Wanderer began the quest for the
                  | Orb.
     0 | D:1      | Zonian set off with the following items: a +0 club, a +0
                  | pair of gloves, a scroll of silence, a +0 robe, a wand of
                  | mindburst (13).
     0 | D:1      | Reached XP level 1. HP: 9/9 MP: 6/6
   732 | D:2      | Reached XP level 2. HP: 6/13 MP: 5/8
   788 | D:2      | Reached skill level 1 in Stealth
  1385 | D:2      | Reached XP level 3. HP: 16/16 MP: 9/9
  1735 | D:3      | Found a faded altar of an unknown god.
  1757 | D:3      | Noticed Sigmund
  1759 | D:3      | Killed Sigmund
  1760 | D:3      | Reached skill level 4 in Stealth
  1760 | D:3      | Gained mutation: Your natural rate of healing is unusually
                  | fast. [Vine Stalker growth]
  1760 | D:3      | Reached XP level 4. HP: 21/21 MP: 11/11
  1760 | D:3      | Reached XP level 5. HP: 24/24 MP: 12/12
  1762 | D:3      | Got Sif Muna's Anthology of the Curse
  2225 | D:3      | Noticed Robin
  2251 | D:3      | Killed Robin
  2252 | D:3      | Reached XP level 6. HP: 28/28 MP: 10/13
  2467 | D:3      | Reached skill level 5 in Stealth
  2818 | D:4      | Learned a level 1 spell: Sting
  2901 | D:4      | Reached skill level 1 in Transmutations
  2908 | D:4      | Found a shimmering blue altar of Sif Muna.
  2995 | D:4      | Found a staircase to the Ecumenical Temple.
  3003 | Temple   | Entered the Ecumenical Temple
  3079 | Temple   | Became a worshipper of Uskayaw the Reveller
  3215 | D:5      | Entered Level 5 of the Dungeon
  3223 | D:5      | Noticed Menkaure
  3226 | D:5      | Reached * piety under Uskayaw
  3227 | D:5      | Killed Menkaure
  3228 | D:5      | Reached skill level 1 in Short Blades
  3228 | D:5      | Reached skill level 1 in Poison Magic
  3228 | D:5      | Reached XP level 7. HP: 32/32 MP: 14/14
  3241 | D:5      | Reached ** piety under Uskayaw
  3374 | D:5      | Noticed a wraith
  3688 | D:5      | Found an opulent altar of Gozag.
  3720 | D:5      | Slain by a wraith

Illustrated notes

Levels and vault maps discovered:
D:1:      kennysheep_arrival_seaside, layout_rooms, serial_glass,
          glass_columns_c, glass_columns_c, glass_columns_b, glass_columns_a,
          glass_columns_b, glass_columns_c, glass_columns_a, glass_columns_a,
          serial_bayou_crossing
D:2:      layout_basic
D:3:      layout_loops_corners, hellmonk_ecumenical_altar_inner_sanctum,
          uniq_sigmund, uniq_robin
D:4:      layout_rooms, mainiacjoe_overflow_tiny_flanked,
          minmay_temple_entry_gardened_gates
D:5:      layout_loops_ring, mainiacjoe_overflow_paths, uniq_menkaure
Temple:   regret_index_temple_waves

Skill      XL: |  1  2  3  4  5  6  7 |
---------------+----------------------+-----
Stealth        | 1 4 5 |  5.5
Dodging        | 2 3 |  3.8
Transmutations | 1 3 |  3.2
Short Blades   | 1 2 |  2.6
Poison Magic   | 1 3 |  3.2
Spellcasting   | |  4.4
Evocations     | |  3.6

Action                   |  1- 3 |  4- 6 |  7- 9 || total
-------------------------+-------+-------+-------++-------
Melee: Club              |    32 |       |       ||    32
       Bite              |    12 |    24 |    27 ||    63
       Punch             |     2 |     3 |       ||     5
       Short sword       |     7 |    64 |       ||    71
       Dagger            |       |    42 |    65 ||   107
       Trident           |       |     1 |       ||     1
 Fire: Sling             |    60 |       |       ||    60
Throw: Dart              |       |     3 |     1 ||     4
 Cast: Sting             |       |       |     4 ||     4
Evoke: Wand              |     4 |     4 |     3 ||    11
  Use: Scroll            |       |    11 |     2 ||    13
       Potion            |       |       |     2 ||     2
 Stab: Sleeping          |     1 |    12 |     3 ||    16
Armor: Robe              |    47 |    21 |     8 ||    76
Dodge: Dodged            |    66 |    57 |    31 ||   154

Table legend: (Time is in decaauts)
 A = Elapsed time spent in this place.
 B = Non-inter-level travel time spent in this place.
 C = Inter-level travel time spent in this place.
 D = Time resting spent in this place.
 E = Time spent auto-exploring this place.
 F = Levels seen in this place.
 G = Mean time per level.
                   A        B        C        D        E       F      G
               +--------+--------+--------+--------+--------+-----+--------+
         Total |   3768 |   3606 |    162 |    199 |   2495 |   6 |  628.0 |
       Dungeon |   3660 |   3528 |    132 |    199 |   2448 |   5 |  732.0 |
        Temple |    108 |     79 |     29 |      0 |     47 |   1 |  108.0 |
               +--------+--------+--------+--------+--------+-----+--------+

Top non-repeatable levels by time:
     D:3: 1101 daAuts
     D:2: 937 daAuts
     D:1: 707 daAuts
     D:5: 511 daAuts
     D:4: 403 daAuts
  Temple: 108 daAuts
